Map: Prion Terraces

Players

LiquidSnute (Snute)

  • Race: Zerg Zerg
  • League: Grandmaster

Nerchio - Winner!

  • Race: Zerg Zerg
  • League: Grandmaster

Event: 2016 WCS Winter Challenger Europe

VOD

Have the link to the VOD?

Description

Time

  • Played on: Feb. 14, 2016, 1:27 p.m.
  • Length: 7:43

All games in this series

Show
View Real Time Build Order
Export as new Build Order

LiquidSnute Zerg 

Build Orders: Pool First 

Get SALT Encoding   

  12  0:00  Drone  
  13  0:10  Drone  
  14  0:19  Drone, Extractor  
  14  0:31  Spawning Pool  
  14  0:35  Drone  
  14  0:43  Drone, Extractor  
  15  0:50  Overlord  
  15  1:18  Metabolic Boost, Queen  
  15  1:19  Zergling x2  
  15  1:21  Zergling x2  
  15  1:25  Zergling x2  
  20  1:31  Zergling x2  
  21  1:49  Hatchery  
  20  1:55  Zergling x2  
  20  1:59  Overlord  
  21  2:04  Zergling x2  
  22  2:18  Zergling x2  
  23  2:25  Zergling x8  
  27  2:32  Queen  
  27  2:36  Drone  
  30  2:56  Drone  
  29  3:00  Drone  
  29  3:01  Drone x2  
  29  3:04  Drone  
  31  3:11  Drone  
  30  3:16  Zergling x4  
  31  3:26  Zergling x4  
  32  3:33  Zergling x6  
  34  3:37  Zergling x4  
  36  3:41  Roach Warren  
  36  3:47  Zergling x2  
  36  3:50  Overlord  
  36  4:08  Overlord  
  36  4:09  Zergling x14  
  43  4:21  Overlord  
  43  4:32  Hatchery  
  43  4:35  Drone  
  43  4:36  Drone  
  44  4:39  Drone  
  44  4:42  Drone  
  44  4:45  Drone  
  47  4:47  Drone  
  47  4:50  Drone  
  48  4:57  Drone x2  
  48  4:58  Drone  
  48  5:00  Drone  
  48  5:04  Drone  
  50  5:08  Extractor  
  49  5:14  Overlord  
  49  5:16  Roach x2  
  49  5:17  Roach  
  49  5:19  Roach  
  57  5:24  Roach  
  57  5:26  Overlord  
  59  5:31  Overlord  
  59  5:33  Roach  
  61  5:37  Ravager x2  
  61  5:41  Extractor  
  62  5:43  Queen  
  62  5:46  Ravager  
  65  5:52  Roach  
  67  5:58  Overlord  
  67  6:00  Drone x2  
  67  6:01  Drone, Extractor  
  69  6:05  Roach x2  
  69  6:06  Roach  
  72  6:20  Roach  
  72  6:21  Roach x3  
  72  6:23  Roach  
  79  6:33  Roach x3  
  78  6:47  Roach  
  78  6:48  Roach x4  
  78  6:54  Roach  
  75  6:58  Roach x2  
  75  6:59  Ravager  
  61  7:05  Roach  
  62  7:08  Ravager  
  62  7:12  Roach  
  59  7:16  Roach  
  59  7:22  Roach  
  38  7:35  Ravager  
Show
View Real Time Build Order
Export as new Build Order

Nerchio Zerg - Winner!

Build Orders: Hatch First 

Get SALT Encoding   

  12  0:00  Drone  
  13  0:12  Overlord  
  13  0:17  Drone  
  14  0:30  Drone x2  
  14  0:34  Drone  
  17  0:52  Hatchery  
  16  1:05  Spawning Pool  
  16  1:08  Drone  
  16  1:12  Drone  
  16  1:16  Extractor  
  16  1:17  Drone  
  17  1:21  Drone  
  18  1:30  Drone  
  19  1:40  Overlord  
  19  1:59  Queen  
  21  2:02  Roach Warren  
  21  2:06  Queen  
  22  2:09  Zergling x2  
  22  2:12  Zergling x2  
  24  2:16  Drone  
  24  2:18  Drone  
  27  2:22  Drone  
  27  2:38  Queen  
  27  2:39  Overlord  
  29  2:45  Zergling x4  
  29  2:46  Zergling x2  
  29  2:50  Roach  
  34  2:55  Roach  
  35  3:02  Roach  
  34  3:06  Roach  
  34  3:10  Roach  
  33  3:16  Roach  
  35  3:20  Roach  
  35  3:26  Ravager  
  36  3:31  Drone  
  37  3:34  Drone  
  37  3:36  Drone  
  37  3:40  Drone  
  40  3:44  Drone  
  40  3:46  Drone  
  42  3:55  Queen  
  42  3:57  Overlord  
  42  4:02  Overlord  
  44  4:15  Queen  
  46  4:17  Drone  
  46  4:18  Drone x2  
  46  4:19  Spine Crawler, Drone  
  46  4:23  Drone x2  
  51  4:30  Drone, Evolution Chamber  
  51  4:31  Extractor  
  50  4:38  Roach  
  52  4:39  Roach  
  54  4:48  Roach  
  54  4:50  Roach  
  58  4:53  Queen  
  58  4:58  Overlord  
  60  5:12  Overlord  
  60  5:13  Metabolic Boost  
  60  5:15  Queen  
  60  5:17  Drone  
  60  5:18  Drone x3, Extractor  
  60  5:20  Roach  
  67  5:23  Overlord  
  67  5:25  Overlord  
  67  5:31  Roach x2  
  67  5:33  Roach  
  74  5:36  Roach  
  74  5:40  Overlord  
  76  5:47  Roach x2  
  76  5:48  Roach  
  82  5:51  Extractor  
  81  5:57  Zergling x4  
  81  5:58  Zergling x6  
  81  6:00  Zergling x2  
  81  6:03  Zergling x2  
  88  6:15  Zergling x4  
  88  6:16  Zergling x4  
  88  6:17  Zergling x2  
  93  6:20  Ravager x2  
  93  6:24  Zergling x2  
  94  6:26  Zergling x2, Ravager  
  96  6:33  Zergling x2  
  96  6:34  Ravager  
  96  6:36  Overlord  
  96  6:38  Overlord  
  98  6:40  Zergling x2  
  98  6:41  Overlord  
  94  6:49  Zergling x4  
  85  6:57  Ravager x2  
  85  6:59  Zergling x8  
  85  7:00  Zergling x2  
  86  7:05  Queen  
  86  7:06  Zergling x4  
  86  7:07  Zergling x2  
  89  7:09  Zergling x2  
  89  7:15  Roach  
  87  7:20  Roach  
  87  7:22  Roach  
Tags
 
Add a new tag
Caveats
  • Supply blocks, unpowered buildings, or Contaminate may cause inaccurate times.
  • Supply counts are checked every 10 seconds.